 Dungeon Crawl Stone Soup version 0.28-a0-983-g1de4e0787c (webtiles) character file.

Game seed: 5729420225026298008

9057 emperorscorpion the Thaumaturge (level 11, -13/70 HPs)
             Began as a Djinni Venom Mage on Dec 2, 2021.
             Was a Priest of Makhleb.
             Mangled by Domino's ghost (23 damage)
             ... on level 10 of the Dungeon.
             The game lasted 00:43:23 (14890 turns).

emperorscorpion the Thaumaturge (DjVM)             Turns: 14890, Time: 00:43:24

Health: -13/70     AC:  6    Str:  7    XL:     11   Next: 67%
Gold:   572        EV: 14    Int: 18    God:    Makhleb [***...] SH:  0 Dex: 17

rFire   + + +      SeeInvis .   b - +1 shortbow (flame)
rCold   . . .      Faith    .   (shield currently unavailable)
rNeg    . . .      Spirit   .   u - +2 robe {rC+ rF+}
rPois   ∞          Reflect  .   v - +1 helmet
rElec   .          Harm     .   (no cloak)
rCorr   .          Rampage  .   (no gloves)
Will    +....                   (boots unavailable)
Stlth   ++........              (no amulet)
HPRegen 0.21/turn               r - ring of wizardry
MPRegen 0.00/turn               o - ring of protection from fire

@: flying
A: sickness immunity, fire resistance 2, cold vulnerability 1, float, innate
caster, hp casting, extra vitality 1
a: Renounce Religion, Minor Destruction, Lesser Servant of Makhleb


You were on level 10 of the Dungeon.
You worshipped Makhleb.
Makhleb was most pleased with you.
You visited 2 branches of the dungeon, and saw 11 of its levels.

You collected 572 gold pieces.

Inventory:

Hand Weapons
 a - a +4 dagger of venom
 b - a +1 shortbow of flaming (weapon)
Missiles
 d - 23 poisoned darts
 n - 90 arrows (quivered ammo)
 p - 3 silver boomerangs
 q - 2 boomerangs
Armour
 c - a +0 ring mail of positive energy
 i - a +0 robe
 u - a +2 robe of resistance (worn)
 v - a +1 helmet (worn)
Magical Staves
 e - a staff of death
Jewellery
 o - a ring of protection from fire (right hand)
 r - a ring of wizardry (left hand)
 s - an amulet of regeneration
Wands
 j - a wand of polymorph (32)
 w - a wand of iceblast (3)
Scrolls
 g - 7 scrolls of identify
 h - a scroll of fear
 m - 2 scrolls of enchant armour
Potions
 f - 5 potions of curing
 k - 2 potions of ambrosia
 l - a potion of cancellation
Miscellaneous
 t - a lightning rod (1/4)


   Skills:
 + Level 2.8 Fighting
 + Level 2.1 Short Blades
 + Level 5.4 Bows
 + Level 0.5 Throwing
 + Level 4.3 Dodging
 - Level 2.0 Stealth
 + Level 11.9 Spellcasting


You had 9 spell levels left.
You knew the following spells:

 Your Spells              Type           Power      Damage    Failure   Level
a - Sting                 Tmut/Pois      100%       1d8       1%          1
b - Poisonous Vapours     Pois/Air       100%       N/A       1%          2
c - Mephitic Cloud        Conj/Pois/Air  52%        N/A       1%          3
d - Olgreb's Toxic Radia  Pois           52%        N/A       1%          4
e - Stone Arrow           Conj/Erth      100%       3d13      1%          3
f - Ensorcelled Hibernat  Hex/Ice        100%       N/A       1%          2
g - Beastly Appendage     Tmut           100%       N/A       1%          1
h - Fulminant Prism       Conj/Hex       26%        3d14      1%          4
i - Iskenderun's Mystic   Conj/Tloc      52%        2d11      1%          4
Your spell library was empty.

Dungeon Overview and Level Annotations

Branches:
Dungeon (10/15)            Temple (1/1) D:6            Lair (0/6) D:10
    Orc: D:9-12

Altars:
Cheibriados
Dithmenos
Elyvilon
Fedhas
Gozag
Hepliaklqana
Kikubaaqudgha
Makhleb
Okawaru
Qazlal
Sif Muna
Trog
Uskayaw
Vehumet
Wu Jian
Xom
Yredelemnul
Zin
The Shining One

Shops:
D:1 (   D:5 =

Annotations:
D:8 1 runed translucent door, mcbry74's ghost, novice HOFi
D:10 Domino's ghost, journeyman MiBe


Innate Abilities, Weirdness & Mutations

You are immune to sickness and miasma.
You are immune to poison.
Your flesh is very heat resistant. (rF++)
You are vulnerable to cold. (rC-)
You float through the air rather than walking.
You learn spells naturally, not from books.
Your magical power is your life essence.
You have superior vitality. (+4 HP)


Message History

Okay, then.
You feel much better. Domino's ghost hits you!!
Casting: Stone Arrow (safe; 1% risk of failure)
Confirm with . or Enter, or press ? or * to list all spells.
You erupt in a blast of force!
The mystic blast hits Domino's ghost!
Domino's ghost is severely damaged.
Domino's ghost is knocked back by the mystic blast.
Aiming: Thunderbolt
Press: ? - help, Shift-Dir - straight line, f/p - Domino's ghost
Aim: Domino's ghost (severely damaged)
The thunderbolt hits Domino's ghost!
Domino's ghost is severely damaged.
Casting: Iskenderun's Mystic Blast (safe; 1% risk of failure)
Confirm with . or Enter, or press ? or * to list all spells.
You erupt in a blast of force!
The mystic blast hits Domino's ghost but does no damage.
Domino's ghost is severely damaged.
* * * LOW HITPOINT WARNING * * *
Domino's ghost barely misses you.
Casting: Iskenderun's Mystic Blast (safe; 1% risk of failure)
Confirm with . or Enter, or press ? or * to list all spells.
You erupt in a blast of force!
The mystic blast hits Domino's ghost!
Domino's ghost is almost destroyed.
Domino's ghost is knocked back by the mystic blast.
* * * LOW HITPOINT WARNING * * *
Aiming: Thunderbolt
Press: ? - help, Shift-Dir - straight line, f/p - Domino's ghost
Aim: Domino's ghost (almost destroyed)
The thunderbolt hits Domino's ghost.
Domino's ghost is almost destroyed.
Aiming: Thunderbolt
Press: ? - help, Shift-Dir - straight line, f/p - Domino's ghost
Aim: Domino's ghost (almost destroyed)
The thunderbolt hits Domino's ghost!
Domino's ghost is almost destroyed.
Domino's ghost hits you!
* * * LOW HITPOINT WARNING * * *
Unknown command.
You feel better. Domino's ghost hits you!!
You die...

.....####..#
#..##############.
...........#
#........©.©.....#
...........#
#.....W.....W....#
.....####..#
#..######..####..# .....#
#..# #..# #..# #W.# .....#
#..# #..# #<.# #..# .....#
#..# #..# #..####..# ....)#
#..#####W.######..W......
.....#
#.......@............[...
.....#
#.................####..#
###..####..#####..######..#
#..# #........# #..# #..#
#..# #........# #..#
#..####..# #..####..# #..#
#........# #..# #..# #..#
#........# #..# #..# #..#
#........# #..# #..# #..#
#........#


You could see Domino's ghost.

Vanquished Creatures
  2 two-headed ogres
  Pikel (D:4)
  An unseen horror (D:8)
  Psyche (D:10)
  A komodo dragon (D:10)
  A kobold demonologist (D:10)
  2 wyverns
  9 yaks (D:10)
  Eustachio (D:6)
  An acid dragon (D:10)
  A water moccasin (D:8)
  A black bear (D:7)
  A sky beast (D:8)
  A necrophage (D:4)
  An ice beast (D:7)
  2 orc warriors
  2 ogres
  4 lemures (D:4)
  6 centaurs
  2 kobold brigands
  3 bullfrogs
  2 gnoll sergeants (D:9)
  5 scorpions
  A wyvern skeleton (D:5)
  3 killer bees (D:9)
  10 wights
  2 howler monkeys (D:7)
  3 electric eels (D:8)
  2 jellies (D:6)
  2 bullfrog zombies
  A centaur skeleton (D:6)
  4 centaur zombies
  5 orc priests
  A gnoll shaman (D:7)
  A bullfrog skeleton (D:4)
  Ijyb (D:4)
  3 iguanas
  6 orc wizards
  Robin (D:4)
  3 adders
  23 gnolls
  A shadow imp (D:6)
  An ufetubus (D:6)
  An adder skeleton (D:4)
  23 orcs
  12 endoplasms
  2 giant cockroaches
  41 goblins
  34 hobgoblins
  3 jackals (D:1)
  3 quokkas
  6 ball pythons
  4 bats
  2 frilled lizards
  5 kobolds
  7 rats
268 creatures vanquished.

Vanquished Creatures (others)
  A two-headed ogre (D:10)
  20 fulminant prisms
  8 plants
  2 withered plants (D:8)
31 creatures vanquished.

Grand Total: 299 creatures vanquished

Notes
Turn   | Place    | Note
-------+----------+-------------------------------------------
     0 | D:1      | emperorscorpion the Djinni Venom Mage began the quest for
                  | the Orb.
     0 | D:1      | Reached XP level 1. HP: 15/15 MP: 0/0
   542 | D:1      | Reached XP level 2. HP: 19/21 MP: 0/0
   912 | D:1      | Found Mien's Weapon Emporium.
  1126 | D:1      | Reached skill level 3 in Spellcasting
  1271 | D:1      | Reached XP level 3. HP: 17/25 MP: 0/0
  1271 | D:1      | Learned a level 1 spell: Beastly Appendage
  2392 | D:2      | Reached XP level 4. HP: 16/31 MP: 0/0
  2854 | D:2      | Noticed a phantom
  3195 | D:3      | Found a faded altar of an unknown god.
  4024 | D:3      | Reached XP level 5. HP: 24/35 MP: 0/0
  4024 | D:3      | Learned a level 2 spell: Ensorcelled Hibernation
  4136 | D:3      | Reached skill level 4 in Spellcasting
  5261 | D:3      | Reached XP level 6. HP: 32/40 MP: 0/0
  5577 | D:3      | Reached skill level 5 in Spellcasting
  6126 | D:4      | Noticed a necrophage
  6126 | D:4      | Noticed an ogre
  6218 | D:4      | Killed an ogre
  6224 | D:4      | Reached XP level 7. HP: 27/45 MP: 0/0
  6224 | D:4      | Learned a level 3 spell: Stone Arrow
  6734 | D:4      | Noticed Robin
  6736 | D:4      | Noticed a two-headed ogre
  6738 | D:4      | Killed Robin
  6739 | D:4      | Reached skill level 6 in Spellcasting
  6753 | D:4      | Killed a two-headed ogre
  6754 | D:4      | Reached skill level 7 in Spellcasting
  6754 | D:4      | Reached XP level 8. HP: 10/50 MP: 0/0
  7083 | D:4      | Noticed Ijyb
  7087 | D:4      | Killed Ijyb
  7336 | D:4      | Noticed Pikel
  7365 | D:4      | Killed Pikel
  7366 | D:4      | Reached skill level 8 in Spellcasting
  7366 | D:4      | Reached XP level 9. HP: 11/55 MP: 0/0
  7366 | D:4      | Learned a level 4 spell: Fulminant Prism
  7713 | D:5      | Entered Level 5 of the Dungeon
  7719 | D:5      | Reached skill level 9 in Spellcasting
  8224 | D:5      | Found Xutsui's Jewellery Boutique.
  8437 | D:6      | Found a staircase to the Ecumenical Temple.
  8474 | Temple   | Entered the Ecumenical Temple
  8544 | Temple   | Became a worshipper of Makhleb the Destroyer
  8627 | D:6      | Reached skill level 1 in Short Blades
  8627 | D:6      | Noticed Eustachio
  8633 | D:6      | Killed Eustachio
  9492 | D:7      | Reached skill level 10 in Spellcasting
  9492 | D:7      | Reached XP level 10. HP: 53/60 MP: 0/0
  9646 | D:7      | Reached * piety under Makhleb
  9836 | D:7      | Reached skill level 1 in Bows
 11074 | D:8      | Killed an unseen horror
 11075 | D:8      | Reached skill level 1 in Fighting
 11535 | D:8      | Reached ** piety under Makhleb
 11777 | D:8      | Found a runed translucent door.
 11777 | D:8      | Noticed mcbry74's ghost (novice HOFi)
 12767 | D:9      | Reached skill level 11 in Spellcasting
 13158 | D:9      | Reached XP level 11. HP: 29/68 MP: 0/0
 13158 | D:9      | Learned a level 4 spell: Iskenderun's Mystic Blast
 13510 | D:9      | Found a glowing silver altar of Zin.
 13614 | D:10     | Entered Level 10 of the Dungeon
 13614 | D:10     | Noticed Domino's ghost (journeyman MiBe)
 13614 | D:10     | Found the ring of the Mage {Wiz Will++ Int+3}
 13614 | D:10     | Found a transporter.
 13677 | D:10     | Noticed a two-headed ogre
 13705 | D:10     | Noticed Psyche
 13706 | D:10     | Killed a two-headed ogre
 13894 | D:10     | Killed Psyche
 14171 | D:10     | Found a staircase to the Lair.
 14208 | D:10     | Reached skill level 5 in Bows
 14310 | D:10     | Noticed a two-headed ogre
 14312 | D:10     | Identified the +3 dire flail of Victory {venom, Str+7 Int-2
                  | Dex+5}
 14312 | D:10     | Noticed a two-headed ogre
 14312 | D:10     | Noticed a two-headed ogre
 14318 | D:10     | Found a transporter.
 14352 | D:10     | Reached *** piety under Makhleb
 14728 | D:10     | Killed a two-headed ogre
 14889 | D:10     | HP: 1/70 [Domino's ghost (16)]
 14890 | D:10     | Mangled by Domino's ghost

Illustrated notes

Levels and vault maps discovered:
D:1:      shiori_arrival_oz, layout_basic, serial_shops,
          nicolae_shop_bloodbath_and_beyond, amethyst_killhole
D:2:      layout_rooms
D:3:      minmay_goblin_kobold_castle, layout_basic,
          dreamdust_ecumenical_altar_hidden_monk_grotto
D:4:      layout_rooms, serial_curves, eino_curves_01, eino_curves_02,
          uniq_ijyb, uniq_pikel, uniq_robin
D:5:      layout_basic, serial_shops, nicolae_shop_hallway_plus
D:6:      layout_basic, minmay_temple_entry_tees, kennysheep_generic_room_13,
          uniq_eustachio
D:7:      corexii_shack_village, layout_rooms, roderic_lattice_a, minivault_24,
          minmay_misc_feat_encased
D:8:      layout_cave_pods, gammafunk_ghost_grave, serial_bayou_lake_a
D:9:      layout_rooms, lemuel_tele_altar, serial_rivers,
          chequers_serial_rivers_micro_c, chequers_serial_rivers_room_b,
          chequers_serial_rivers_marsh, chequers_serial_rivers_micro_d
D:10:     layout_small_grid, david_lair_shrubbed, gammafunk_ghost_smash,
          uniq_psyche
Temple:   grunt_wide_crystal_templ

Skill      XL: |  1  2  3  4  5  6  7  8  9 10 11 |
---------------+----------------------------------+-----
Spellcasting   | 3 4 5 7 8 10 11 | 11.9
Stealth        | 2 |  2.0
Dodging        | 3 4 |  4.3
Short Blades   | 1 2 |  2.1
Bows           | 3 5 |  5.4
Fighting       | 2 |  2.8
Throwing       | |  0.5

Action                   |  1- 3 |  4- 6 |  7- 9 | 10-12 || total
-------------------------+-------+-------+-------+-------++-------
Melee: Unarmed           |       |     1 |       |       ||     1
       Dagger            |       |       |     6 |       ||     6
       Shortbow          |       |       |       |     1 ||     1
 Fire: Shortbow          |       |       |     5 |    60 ||    65
Throw: Dart              |       |       |     3 |       ||     3
 Cast: Sting             |    65 |   100 |    12 |     5 ||   182
       Poisonous Vapours |    16 |    36 |    13 |       ||    65
       Olgreb's Toxic Ra |       |     7 |     9 |    27 ||    43
       Mephitic Cloud    |       |     1 |     7 |     3 ||    11
       Stone Arrow       |       |       |    47 |    85 ||   132
       Beastly Appendage |       |       |     1 |       ||     1
       Fulminant Prism   |       |       |     2 |    18 ||    20
       Ensorcelled Hiber |       |       |       |     1 ||     1
       Iskenderun's Myst |       |       |       |     7 ||     7
Evoke: Lightning rod     |       |       |       |     3 ||     3
  Use: Scroll            |       |     4 |     2 |     4 ||    10
       Potion            |       |       |     2 |     4 ||     6
Armor: Robe              |       |     8 |     1 |     5 ||    14
Dodge: Dodged            |     8 |    18 |    17 |    15 ||    58

Table legend: (Time is in decaauts)
 A = Elapsed time spent in this place.
 B = Non-inter-level travel time spent in this place.
 C = Inter-level travel time spent in this place.
 D = Time resting spent in this place.
 E = Time spent auto-exploring this place.
 F = Levels seen in this place.
 G = Mean time per level.
                   A        B        C        D        E       F      G
               +--------+--------+--------+--------+--------+-----+--------+
         Total |  14922 |  13762 |   1160 |   1766 |  10164 |  11 | 1356.5 |
       Dungeon |  14842 |  13691 |   1151 |   1766 |  10112 |  10 | 1484.2 |
        Temple |     79 |     70 |      9 |      0 |     52 |   1 |   79.0 |
               +--------+--------+--------+--------+--------+-----+--------+

Top non-repeatable levels by time:
     D:3: 3701 daAuts
     D:1: 2501 daAuts
     D:7: 1554 daAuts
     D:8: 1525 daAuts
    D:10: 1126 daAuts
     D:9: 1125 daAuts
     D:5: 947 daAuts
     D:6: 838 daAuts
     D:2: 797 daAuts
     D:4: 722 daAuts
  Temple: 79 daAuts
